 Dungeon Crawl Stone Soup version 0.30.1-3-gfc49f6343a (webtiles) character file.

Game seed: 3121758844049015485

38856 Fodor the Impaler (level 13, -28/118 HPs)
             Began as a Minotaur Fighter on July 31, 2023.
             Was an Initiate of Gozag.
             Annihilated by an azure jelly (37 damage)
             ... on level 1 of the Pits of Slime.
             The game lasted 01:25:43 (14834 turns).

Fodor the Impaler (Minotaur Fighter)               Turns: 14834, Time: 01:25:44

Health: -28/118    AC: 19    Str: 38    XL:     13   Next: 66%
Magic:  12/12      EV: 10    Int:  1    God:    Gozag
Gold:   621        SH:  8    Dex: 10    Spells: 12/12 levels left

rFire   + . .        y - +10 trident of the Dancing Gods {spect, rF+}
rCold   . . .        M - +2 buckler
rNeg    . . .        P - +3 plate armour
rPois   .            (helmet restricted)
rElec   .            V - +0 cloak
rCorr   +            (no gloves)
SInv    .            w - +0 pair of boots of the Chupacabra {Rampage Will++ Regen+ Int-4}
Will    ++...        i - amulet of the acrobat Stlth
                     S - ring "Namurergh" {rCorr Str+6}
HPRegen 1.19/turn    b - +6 ring of strength
MPRegen 0.13/turn

%: acrobat, rampage
@: gold aura, corroded
A: horns 2, retaliatory headbutt
a: Renounce Religion, Potion Petition, Call Merchant, Bribe Branch


You were on level 1 of the Pits of Slime.
You worshipped Gozag.
Gozag was pleased with you.
You visited 4 branches of the dungeon, and saw 18 of its levels.
You also visited: Gauntlet.

You collected 4018 gold pieces.
You spent 1692 gold pieces at shops.
You paid 1705 gold pieces to Gozag.

Inventory:

Hand Weapons
 s - the +7 mace "Woujok" {drain, Dex+2}
   (You found it on level 3 of the Dungeon)

   Dex:       It affects your dexterity (+2).
 y - the +10 trident of the Dancing Gods (weapon) {spect, rF+}
   (You found it on level 4 of the Dungeon)

   rF:        It protects you from fire.
 R - a +1 battleaxe of flaming
 U - a +4 shortbow
Missiles
 g - 8 boomerangs (quivered)
 q - 61 poisoned darts
 v - 2 silver boomerangs
 W - 3 silver javelins
Armour
 w - the +0 pair of boots of the Chupacabra (worn) {Rampage Will++ Regen+ Int-4}
   (You bought it in a shop on level 3 of the Lair of Beasts)

   Int:       It affects your intelligence (-4).
   Regen:     It increases your rate of health regeneration.
   Rampage:   It bestows one free step when moving towards enemies.
   Will:      It greatly increases your willpower.
 M - a +2 buckler (worn)
 P - a +3 plate armour (worn)
 V - a +0 cloak (worn)
 Y - the +1 plate armour of Kikubaaqudgha {rElec Will+}
   (You bought it in a shop on level 3 of the Lair of Beasts)

   rElec:     It insulates you from electricity.
   Will:      It increases your willpower.
Jewellery
 a - a ring of protection from fire
 b - a +6 ring of strength (right hand)
 i - an amulet of the acrobat (around neck)
 S - the ring "Namurergh" (left hand) {rCorr Str+6}
   (You found it in a Gauntlet)

   [ring of strength]

   Str:       It affects your strength (+6).
   rCorr:     It protects you from acid and corrosion.
Wands
 p - a wand of flame (62)
 r - a wand of iceblast (18)
 t - a wand of digging (6)
 C - a wand of light (16)
 F - a wand of paralysis (21)
 N - a wand of polymorph (5)
Scrolls
 h - a scroll of amnesia {unknown}
 n - 2 scrolls of fog
 o - 2 scrolls of butterflies
 u - 5 scrolls of vulnerability
 x - 6 scrolls of poison
 A - 9 scrolls of teleportation
 G - a scroll of brand weapon
 H - 2 scrolls of immolation
 I - a scroll of silence
 T - a scroll of magic mapping
Potions
 c - a potion of brilliance {unknown}
 d - 5 potions of might
 e - 4 potions of berserk rage {unknown}
 f - 7 potions of curing
 j - a potion of haste
 k - 3 potions of flight
 l - 2 potions of cancellation {unknown}
 m - 5 potions of heal wounds
 z - a potion of mutation {unknown}
 B - a potion of resistance {unknown}
 D - 4 potions of lignification
 E - 6 potions of attraction
 J - 3 potions of invisibility {unknown}
 K - a potion of degeneration {unknown}
 L - a potion of magic {unknown}
 Q - a potion of ambrosia {unknown}
Miscellaneous
 O - a phantom mirror
 X - a lightning rod (4/4)
 Z - a tin of tremorstones (2/2)


   Skills:
 + Level 12.0 Fighting
 + Level 3.2 Long Blades
 + Level 5.6 Maces & Flails
 + Level 15.1 Polearms
 + Level 1.9 Ranged Weapons
 + Level 3.9 Throwing
 + Level 15.1 Armour
 + Level 5.3 Dodging
 + Level 5.5 Stealth
 + Level 9.5 Shields
 + Level 0.1 Evocations


You had 12 spell levels left.
You didn't know any spells.
Your spell library contained the following spells:

 Spells                   Type           Power      Damage    Failure   Level
 Blink                    Tloc           0%         N/A       99%         2
 Ensorcelled Hibernation  Hex/Ice        0%         N/A       99%         2
 Spider Form              Tmut/Pois      0%         N/A       100%        3
 Stone Arrow              Conj/Erth      0%         3d7       100%        3
 Anguish                  Hex/Necr       0%         N/A       100%        4
 Animate Armour           Summ/Erth      0%         N/A       100%        4
 Manifold Assault         Tloc           0%         N/A       100%        4
 Storm Form               Tmut/Air       0%         N/A       100%        7
 Lehudib's Crystal Spear  Conj/Erth      0%         10d2      100%        8


Dungeon Overview and Level Annotations

Branches:
Dungeon (12/15)            Temple (1/1) D:5            Lair (4/5) D:8
  Swamp (0/4) Lair:3       Spider (0/4) Lair:2        Slime (1/5) Lair:4
    Orc (0/2) D:12        Gauntlet (visited)

Altars:
Ashenzari
Cheibriados
Dithmenos
Elyvilon
Fedhas
Gozag
Hepliaklqana
Kikubaaqudgha
Makhleb
Nemelex Xobeh
Okawaru
Qazlal
Ru
Sif Muna
Trog
Uskayaw
Vehumet
Wu Jian
Xom
Yredelemnul
Zin
The Shining One

Shops:
D:7 *   Lair:3 [


Innate Abilities, Weirdness & Mutations

You have a pair of horns on your head.
You reflexively headbutt those who attack you in melee.


Message History

Your butterfly disappears in a burst of colours!
The rockslime closely misses you. You furiously retaliate!
You headbutt the rockslime! The slime creature hits your butterfly!
Your butterfly dies!
Your butterfly disappears in a burst of colours!
The acid blob quivers.
You see here 8 gold pieces.
You hit the shining eye. You headbutt the shining eye.
The shining eye is lightly wounded.
Your +10 trident of the Dancing Gods {spect, rF+} hits the shining eye from afar!
You block the slime creature's attack.
The slime creature barely misses your butterfly.
The large slime creature hits your butterfly!!
Your butterfly dies!
Your butterfly disappears in a burst of colours!
The rockslime hits you!!!
You hold your ground!
You hit the shining eye.
You headbutt the shining eye, but do no damage.
The shining eye is heavily wounded.
Your +10 trident of the Dancing Gods {spect, rF+} hits the shining eye from afar!
The azure jelly misses you. You block the azure jelly's attack.
The azure jelly hits you but does no damage.
The azure jelly closely misses you.
The slime creature completely misses your butterfly.
You puncture the shining eye!
You kill the shining eye!
Your +10 trident of the Dancing Gods {spect, rF+} disappears.
The rockslime hits you!!
* * * LOW HITPOINT WARNING * * *
You hold your ground!
The slime creature hits you but does no damage.
The slime creature is distracted by your dazzling golden aura.
The large slime creature hits your butterfly!!
Your butterfly dies!
Your butterfly disappears in a burst of colours!
The azure jelly closely misses you. The azure jelly hits you!
* * * LOW HITPOINT WARNING * * *
The azure jelly freezes you!!!
You die...
Your body crumbles into a pile of gold. #....... .. ##........ .... ##......... ....##.b........ ...J.b.b......# .....Jb...... .....b..$#.# ...JbbJJ@JG##

..b.bbbJbb..##
..b.bJ...b...#
..b.bbbbb##.##
.....Jbbbb###
..bbbb.#...#
.......b#.##
.......# ##
......#


You could see an acid blob, an azure jelly, a large slime creature (ally
target), 5 slime creatures, a rockslime and a shining eye.

Vanquished Creatures
  An acid blob (Slime:1)
  The ghost of Kanwenku the Fighter, a journeyman MiFi of Makhleb (Lair:3)
  A minotaur (Gauntlet)
  The ghost of bahustanut the Blocker, a journeyman MiFi (D:10)
  2 ogre magi (D:10)
  A hydra (Lair:3)
  2 catoblepae (Lair:3)
  A centaur warrior (D:10)
  A two-headed ogre (D:9)
  2 boulder beetles
  A skyshark (Lair:1)
  An orb spider (Lair:2)
  A deep troll (Lair:2)
  2 ugly things
  A deep elf pyromancer (D:12)
  A shining eye (Slime:1)
  2 cyclopes (D:11)
  8 elephants
  3 black mambas
  An apocalypse crab (Gauntlet)
  A gargoyle (D:12)
  9 cane toads
  2 unseen horrors (D:12)
  7 komodo dragons
  A kobold demonologist (D:12)
  A rime drake (Lair:1)
  A queen bee (Gauntlet)
  3 trolls
  A raiju (Gauntlet)
  A hornet (Lair:3)
  4 blink frogs (Lair:3)
  8 slime creatures
  A spriggan (Lair:1)
  A shadow (D:11)
  3 wyverns
  27 yaks
  A vampire (D:12)
  4 wraiths
  7 basilisks
  A hog (shapeshifter) (D:12)
  8 steam dragons
  3 vampire mosquitoes
  6 water moccasins
  A swamp drake (D:8)
  3 black bears
  An orc warrior (D:12)
  4 sky beasts
  An ogre (D:5)
  2 ice beasts
  4 wolves (Lair:1)
  A phantom (D:5)
  7 centaurs
  3 kobold brigands
  12 bullfrogs
  2 scorpions (Lair:2)
  8 wights
  7 killer bees
  3 electric eels (Lair:3)
  9 howler monkeys
  6 hounds
  8 orc priests
  9 jellies (D:5)
  Ijyb (D:3)
  4 hell rats (Lair:2)
  3 iguanas
  10 orc wizards
  3 gnolls (D:2)
  8 adders
  A shadow imp (D:7)
  3 white imps
  An ufetubus (D:7)
  2 worms
  41 orcs
  4 bats
  8 endoplasms
  2 giant cockroaches (D:1)
  5 goblins
  7 hobgoblins
  7 jackals
  4 quokkas
  16 ball pythons
  2 frilled lizards (D:2)
  18 kobolds
  A rat (D:1)
377 creatures vanquished.

Vanquished Creatures (others)
  A phantom (D:7)
  A killer bee (D:10)
  3 spectral weapons
5 creatures vanquished.

Grand Total: 382 creatures vanquished

Notes
Turn   | Place    | Note
-------+----------+-------------------------------------------
     0 | D:1      | Fodor the Minotaur Fighter began the quest for the Orb.
     0 | D:1      | Reached XP level 1. HP: 19/19 MP: 0/0
   211 | D:1      | Reached XP level 2. HP: 19/27 MP: 1/1
   374 | D:1      | Found a faded altar of an unknown god.
  1248 | D:2      | Reached XP level 3. HP: 33/33 MP: 2/2
  1385 | D:2      | Found a blossoming altar of Fedhas.
  1485 | D:2      | Reached skill level 1 in Maces & Flails
  1485 | D:2      | Reached XP level 4. HP: 7/40 MP: 3/3
  1946 | D:3      | Noticed Ijyb
  1954 | D:3      | Killed Ijyb
  2086 | D:3      | Identified the +7 mace "Woujok" {drain, Dex+2}
  2202 | D:3      | Reached XP level 5. HP: 47/47 MP: 4/4
  2569 | D:4      | Reached skill level 1 in Dodging
  2614 | D:4      | Identified the +10 trident of the Dancing Gods {spect, rF+}
  2650 | D:4      | Reached skill level 5 in Armour
  2653 | D:4      | Reached XP level 6. HP: 45/53 MP: 5/5
  2744 | D:4      | Reached skill level 1 in Polearms
  3030 | D:5      | Entered Level 5 of the Dungeon
  3129 | D:5      | Noticed an ice beast
  3132 | D:5      | Killed an ice beast
  3133 | D:5      | Reached XP level 7. HP: 60/60 MP: 6/6
  3158 | D:5      | Found a staircase to the Ecumenical Temple.
  3254 | Temple   | Entered the Ecumenical Temple
  3337 | Temple   | Became a worshipper of Gozag Ym Sagoz the Greedy
  3393 | D:5      | Reached skill level 5 in Maces & Flails
  3393 | D:5      | Reached skill level 5 in Shields
  3725 | D:5      | Reached skill level 5 in Fighting
  3838 | D:5      | Found a blossoming altar of Fedhas.
  3881 | D:5      | Found a basalt altar of Yredelemnul.
  4003 | D:5      | Reached XP level 8. HP: 62/69 MP: 7/7
  4039 | D:5      | Noticed a slime creature
  4042 | D:5      | Killed a slime creature
  4051 | D:5      | Reached skill level 5 in Polearms
  4276 | D:6      | Reached skill level 1 in Stealth
  4497 | D:6      | Reached XP level 9. HP: 75/75 MP: 8/8
  4699 | D:6      | Found a shimmering altar of Xom.
  4701 | D:6      | Found a broken altar of Ashenzari.
  5952 | D:7      | Bought a scroll of identify for 28 gold pieces
  5999 | D:8      | Reached XP level 10. HP: 71/86 MP: 9/9
  6060 | D:8      | Reached skill level 10 in Polearms
  6485 | D:8      | Found a staircase to the Lair.
  6684 | D:8      | Found a shadowy altar of Dithmenos.
  7158 | D:9      | Noticed a two-headed ogre
  7163 | D:9      | Killed a two-headed ogre
  7164 | D:9      | Reached skill level 10 in Armour
  7330 | D:9      | Found a shimmering blue altar of Sif Muna.
  7407 | D:9      | Noticed a red ugly thing
  7419 | D:9      | Killed a red ugly thing
  7578 | D:9      | Found a burning altar of Makhleb.
  7849 | D:10     | Entered Level 10 of the Dungeon
  7861 | D:10     | Reached XP level 11. HP: 94/94 MP: 10/10
  7872 | D:10     | Found a runed translucent gate.
  7872 | D:10     | Found a runed translucent gate.
  7872 | D:10     | Found a runed translucent gate.
  7872 | D:10     | Found an opulent altar of Gozag.
  7873 | D:10     | Noticed a centaur warrior
  7873 | D:10     | Noticed bahustanut's ghost (journeyman MiFi)
  7874 | D:10     | Noticed an ogre mage
  7874 | D:10     | Noticed an ogre mage
  7881 | D:10     | Paralysed by an ogre mage for 3 turns
  7889 | D:10     | Killed a centaur warrior
  7893 | D:10     | Killed an ogre mage
  7908 | D:10     | Killed bahustanut's ghost
  7909 | D:10     | Reached skill level 1 in Throwing
  7912 | D:10     | Killed an ogre mage
  8213 | D:10     | Noticed a white ugly thing
  8222 | D:10     | Killed a white ugly thing
  8920 | D:11     | Noticed a boulder beetle
  8940 | D:11     | Killed a boulder beetle
  9493 | D:12     | Found a broken altar of Ashenzari.
  9755 | D:12     | Reached skill level 5 in Stealth
  9897 | D:12     | Reached XP level 12. HP: 104/104 MP: 11/11
 10125 | D:12     | Found a staircase to the Orcish Mines.
 10431 | Lair:1   | Entered Level 1 of the Lair of Beasts
 10565 | Lair:1   | Found a gate leading to a gauntlet.
 10596 | Gauntlet | Entered a Gauntlet
 10596 | Gauntlet | Found a transporter.
 10596 | Gauntlet | Found a large runed translucent door.
 10596 | Gauntlet | Found a large runed translucent door.
 10596 | Gauntlet | Found a large runed translucent door.
 10596 | Gauntlet | Found a large runed translucent door.
 10596 | Gauntlet | Found a runed translucent door.
 10596 | Gauntlet | Found a runed translucent door.
 10596 | Gauntlet | Found a large runed translucent door.
 10596 | Gauntlet | Found a large runed translucent door.
 10596 | Gauntlet | Found a large runed translucent door.
 10596 | Gauntlet | Found a large runed translucent door.
 10596 | Gauntlet | Found a large runed translucent door.
 10596 | Gauntlet | Found a large runed translucent door.
 10597 | Gauntlet | Found a large runed translucent door.
 10597 | Gauntlet | Found a large runed translucent door.
 10606 | Gauntlet | Found a transporter.
 10623 | Gauntlet | Found a transporter.
 10629 | Gauntlet | Found a transporter.
 10635 | Gauntlet | Noticed a quicksilver ooze
 10645 | Gauntlet | Found a transporter.
 10665 | Gauntlet | Found a transporter.
 10696 | Gauntlet | Found a transporter.
 10704 | Gauntlet | Found a transporter.
 10704 | Gauntlet | Found a transporter.
 10726 | Gauntlet | Found a transporter.
 10732 | Gauntlet | Found a transporter.
 10736 | Gauntlet | Found a transporter.
 10760 | Gauntlet | Found a transporter.
 10764 | Gauntlet | Noticed a dire elephant
 10781 | Gauntlet | Found a transporter.
 10783 | Gauntlet | Found a transporter.
 10801 | Gauntlet | Found a transporter.
 10807 | Gauntlet | Found a transporter.
 10860 | Gauntlet | Found a transporter.
 10892 | Gauntlet | Found a large runed translucent door.
 10892 | Gauntlet | Found a large runed translucent door.
 10892 | Gauntlet | Found a large runed translucent door.
 10892 | Gauntlet | Found a large runed translucent door.
 10893 | Gauntlet | Found a runed translucent gate.
 10893 | Gauntlet | Found a runed translucent gate.
 10893 | Gauntlet | Found a runed translucent gate.
 11039 | Gauntlet | Identified the ring "Namurergh" {rCorr Str+6}
 11096 | Gauntlet | Identified the +11 short sword "Ogrebane" {antimagic, rElec
                  | rCorr Dex+3}
 11096 | Gauntlet | Noticed a minotaur
 11116 | Gauntlet | Killed a minotaur
 11117 | Gauntlet | Reached skill level 10 in Fighting
 11153 | Gauntlet | Identified the +3 short sword of Recklessness {heavy,
                  | rElec}
 11153 | Gauntlet | Identified the +0 leather armour of Eternity {Will+ Regen+}
 11371 | Lair:1   | Reached skill level 1 in Ranged Weapons
 12675 | Lair:2   | Noticed a boulder beetle
 12681 | Lair:2   | Killed a boulder beetle
 12871 | Lair:2   | Found a hole to the Spider Nest.
 12892 | Lair:2   | Reached XP level 13. HP: 103/116 MP: 12/12
 13252 | Lair:2   | Reached skill level 5 in Dodging
 13587 | Lair:3   | Bought an ancient plate armour for 1036 gold pieces
 13587 | Lair:3   | Identified the +1 plate armour of Kikubaaqudgha {rElec
                  | Will+} (You bought it in a shop on level 3 of the Lair of
                  | Beasts)
 13587 | Lair:3   | Bought a pair of heavily runed boots for 351 gold pieces
 13587 | Lair:3   | Identified the +0 pair of boots of the Chupacabra {Rampage
                  | Will++ Regen+ Int-4} (You bought it in a shop on level 3 of
                  | the Lair of Beasts)
 13611 | Lair:3   | Found a staircase to the Swamp.
 13871 | Lair:3   | Found a runed translucent door.
 14025 | Lair:3   | Noticed Kanwenku's ghost (journeyman MiFi)
 14037 | Lair:3   | Killed Kanwenku's ghost
 14066 | Lair:3   | Reached skill level 15 in Polearms
 14499 | Lair:3   | Bought a pair of glowing boots for 277 gold pieces
 14715 | Lair:4   | Reached skill level 15 in Armour
 14734 | Lair:4   | Found a staircase to the Slime Pits.
 14818 | Slime:1  | Entered Level 1 of the Pits of Slime
 14820 | Slime:1  | Noticed an acid blob
 14820 | Slime:1  | Noticed an azure jelly
 14821 | Slime:1  | Noticed a rockslime
 14823 | Slime:1  | Noticed an acid blob
 14829 | Slime:1  | Killed an acid blob
 14834 | Slime:1  | Annihilated by an azure jelly

Illustrated notes

Levels and vault maps discovered:
D:1:      dpeg_arrival_snail, layout_basic, basic_ecumenical_altar,
          minmay_vboxes
D:2:      layout_loops_ring, basic_altar, minmay_pentomino_u4
D:3:      layout_rooms, uniq_ijyb
D:4:      layout_rooms, guppyfry_early_lair_pool
D:5:      cheibrodos_fertilizer, layout_gridville,
          mainiacjoe_overflow_catch_the_wave, minmay_temple_entry_ruins,
          saegor_snake_ambush
D:6:      layout_rooms, gammafunk_temple_overflow_statue, nicolae_titane
D:7:      minmay_chambers_of_fours, layout_rooms, hangedman_misty_isle
D:8:      layout_basic, nicolae_dithmenos_shadow_blocks, erik_lair_dragon,
          dk_noncrumbling_3
D:9:      layout_basic, lemuel_blue_sif_altar, pf_just_have_faith
D:10:     layout_irregular_city, ebering_ghost_gozag
D:11:     layout_gridville
D:12:     layout_small_grid, hiddenorc1_lemuel, ashenzari_altar_1
Temple:   nicolae_temple_bog_church
Lair:1:   wad_woods_04, layout_misc_corridors, gauntlet_entry_generic,
          st_stairs_5
Lair:2:   dreamdust_cave_troll, layout_long_grid,
          nicolae_spider_entry_orb_guardian, nzn_sisyphean_effort,
          infiniplex_staircase_pool
Lair:3:   layout_small_grid, minmay_swamp_entry_eels,
          ebering_ghost_reflecting_pool, chequers_serial_rivers_micro_e,
          grunt_megastairs_4, serial_bayou_shore_b
Lair:4:   cheibrodos_lair_overgrown_chateau, layout_cave_pods, slime_entry_1,
          kilobyte_rumbling_trees
Slime:1:  layout_caves

Skill      XL: |  1  2  3  4  5  6  7  8  9 10 11 12 13 |
---------------+----------------------------------------+-----
Fighting       | 4 5 6 7 8 9 11 12 | 12.0
Armour         | 4 5 6 7 8 10 11 13 15 | 15.1
Long Blades    | 3 |  3.2
Shields        | 4 5 7 8 9 |  9.5
Maces & Flails | 1 2 3 4 5 |  5.6
Dodging        | 1 2 3 4 5 |  5.3
Polearms       | 2 4 7 9 11 13 14 15 | 15.1
Stealth        | 1 3 5 |  5.5
Throwing       | 1 2 3 |  3.9
Ranged Weapons | 1 |  1.9
Evocations     | |  0.1

Action                     |  1- 3 |  4- 6 |  7- 9 | 10-12 | 13-15 || total
---------------------------+-------+-------+-------+-------+-------++-------
  Melee: Long sword        |    31 |       |       |       |       ||    31
         Headbutt          |    11 |     9 |    24 |    78 |    36 ||   158
         Morningstar       |    39 |    28 |       |       |       ||    67
         Mace              |       |    16 |       |       |       ||    16
         Trident           |       |    25 |   149 |   359 |   126 ||   659
         Punch             |       |       |       |     2 |       ||     2
   Fire: Shortbow          |       |       |       |     4 |       ||     4
  Throw: Javelin           |       |     4 |       |     6 |       ||    10
         Boomerang         |       |       |       |     5 |    18 ||    23
 Invoke: Call Merchant     |       |       |     1 |       |     1 ||     2
  Evoke: Wand              |       |       |       |     1 |       ||     1
    Use: Potion            |       |     2 |       |     5 |     1 ||     8
         Scroll            |       |       |     6 |    15 |     2 ||    23
   Stab: Distracted        |       |       |     3 |     7 |     2 ||    12
 Armour: Scale mail        |    28 |    28 |       |       |       ||    56
         Chain mail        |       |     1 |    58 |    11 |       ||    70
         Plate armour      |       |       |       |   134 |    72 ||   206
  Dodge: Dodged            |    48 |    51 |   105 |   179 |    84 ||   467
  Block: Buckler           |    21 |    14 |    36 |    55 |    35 ||   161
